AoeStats
← Iamak3186

Arena

505149860Analyzed
1v1 RM · 25d ago on Sep 8, 2026· 34m 30s· 2 players
Game mode
Random Map
Map size
Tiny (2 player)
Population
200
Speed
Normal
Resources
Standard
Victory
Conquest
Starting age
Dark Age
Ending age
Imperial Age
RankedLock teamsTeams togetherTeam positionsShared explorationLock speedFull tech treeHidden civsTurbo modeCheats
Victory
Defeat
🇭🇰 Britons · Hong Kong SAR China
1253
+14
🇮🇳 Japanese · India
1219
-14
Iamak3186
10:11 Feudal Age
14:25 Castle Age
12:42 Double-Bit Axe
15:54 Bow Saw
15:46 Scale Mail Armor
16:20 Horse Collar
21:30 Loom
21:57 Horse Collar
26:13 Wheelbarrow
FOX
10:14 Feudal Age
11:40 Double-Bit Axe
14:54 Castle Age
16:08 Wheelbarrow
16:04 Bow Saw
16:28 Horse Collar
21:50 Town Watch
22:34 Gold Mining
28:52 Imperial Age
26:39 Hand Cart
26:46 Fletching
26:57 Padded Archer Armor
27:40 Gold Shaft Mining
26:55 Stone Mining
28:19 Bodkin Arrow
27:47 Crossbowman
28:55 Murder Holes
31:19 Ballistics
31:59 Chemistry
31:29 Town Patrol
31:15 Loom
Connection lost

Rejoining the realm…

Still unreachable

The connection could not be restored.

Session expired

The server has moved on; the page needs a fresh start.